 Dungeon Crawl Stone Soup version 0.20.1-1-g8b1a95d (webtiles) character file.

46 McKennaii the Conjurer (level 3, -5/26 HPs)
             Began as a Demigod Conjurer on Aug 26, 2017.
             Killed by divine providence
             ... invoked by an orc priest
              (13 damage)
             ... on level 2 of the Dungeon.
             The game lasted 00:01:48 (1308 turns).

McKennaii the Conjurer (Demigod Conjurer)           Turns: 1308, Time: 00:01:48

Health: -5/26      AC:  4    Str: 11    XL:     3   Next: 27%
Magic:  0/9        EV: 12    Int: 21    God:
Gold:   126        SH:  0    Dex: 16    Spells: 5/6 levels left

rFire    . . .     SeeInvis .   (no weapon)
rCold    + . .     Gourm    .   (no shield)
rNeg     . . .     Faith    .   e - +2 robe {rC+}
rPois    .         Spirit   .   (no helmet)
rElec    .         Reflect  .   (no cloak)
rCorr    .         Harm     .   (no gloves)
MR       .....                  (no boots)
Stlth    ++........             (no amulet)
Regen    0.1/turn               (no ring)
MPRegen  0.2/turn               (no ring)

@: no status effects
A: high mp 1
a: no special abilities


You were on level 2 of the Dungeon.
You were not hungry.

You visited 1 branch of the dungeon, and saw 2 of its levels.

You collected 126 gold pieces.

Inventory:

Armour
 e - a +2 robe of cold resistance (worn)
Scrolls
 a - 2 scrolls of fog {unknown}
 g - 2 scrolls of identify {unknown}
 h - a scroll of teleportation {unknown}
 j - a scroll of fear {unknown}
 k - a scroll of noise {unknown}
 l - a scroll of remove curse {unknown}
Potions
 i - 2 potions of invisibility {unknown}
 n - a potion of berserk rage {unknown}
 o - a potion of might {unknown}
 p - a potion of degeneration {unknown}
Books
 b - a book of Conjurations

   Spells                             Type                      Level
   a - Magic Dart                     Conjuration                  1
   b - Searing Ray                    Conjuration                  2
   c - Dazzling Spray                 Conjuration/Hexes            3
   d - Fulminant Prism                Conjuration/Hexes            4
   e - Force Lance                    Conjuration/Translocation    4
   f - Iskenderun's Mystic Blast      Conjuration                  4
Comestibles
 c - 2 bread rations
 d - a meat ration
 f - 2 fruits


   Skills:
 + Level 1.9 Dodging
 + Level 1.8 Stealth
 * Level 2.3 Spellcasting
 * Level 4.3 Conjurations


You had 5 spell levels left.
You knew the following spells:

 Your Spells              Type           Power        Failure   Level  Hunger
a - Magic Dart            Conj           ###.         2%          1    #......


Dungeon Overview and Level Annotations

Branches:
Dungeon (2/15)


Innate Abilities, Weirdness & Mutations

You have an increased reservoir of magic. (+10% MP)


Message History

Casting: Magic Dart
Confirm with . or Enter, or press ? or * to list all spells.
Aiming: Magic Dart
Press: ? - help, Shift-Dir - straight line, f/p - orc priest
Aim: an orc priest, wielding a flail and wearing a ring mail (almost dead)
The magic dart hits the orc priest.
The orc priest is almost dead.
The orc priest mumbles some strange prayers to Beogh against you.
You barely resist.
Casting: Magic Dart
Confirm with . or Enter, or press ? or * to list all spells.
Aiming: Magic Dart
Press: ? - help, Shift-Dir - straight line, f/p - orc priest
Aim: an orc priest, wielding a flail and wearing a ring mail (almost dead)
The magic dart hits the orc priest.
The orc priest is almost dead.
The orc priest mumbles some strange prayers to Beogh against you.
Beogh smites you!
Ouch! That really hurt!
You die...

#........# ...:..
.........## ! .....
##..#........ .. ....
...######..#. ... ...
##..# #...##. #.. ..
#.). #.#.#.. #...#.
##.## ##.###.#
####..o##...#####...#..#
#......@..#.......#...##
..##.#..#...#####...#...
##.##.## ##.##... #..#.#
#.#.#.. ##.#.# #.#.#..
.#.# #.#.... ##.##
##.##...
##...#####...#...
#..#.......#...##


You could see an orc priest.

Vanquished Creatures
  An adder (D:2)
  An ooze (D:1)
  A worm (D:2)
  A dart slug (D:1)
  2 giant cockroaches (D:1)
  2 goblins (D:1)
  2 hobgoblins
  8 jackals (D:1)
  2 kobolds
  3 bats (D:1)
  A frilled lizard (D:1)
  2 rats
26 creatures vanquished.

Notes
Turn   | Place    | Note
-------+----------+-------------------------------------------
     0 | D:1      | McKennaii the Demigod Conjurer began the quest for the Orb.
     0 | D:1      | Reached XP level 1. HP: 14/14 MP: 5/5
   307 | D:1      | Reached XP level 2. HP: 14/20 MP: 0/7
   344 | D:1      | Reached skill level 4 in Conjurations
   974 | D:2      | Reached XP level 3. HP: 26/26 MP: 1/8
  1308 | D:2      | Killed from afar by an orc priest

Skill      XL: |  1  2 |
---------------+-------+-----
Spellcasting   | 2 |  2.3
Conjurations   | 4 |  4.3
Dodging        | |  1.9
Stealth        | |  1.8

Action                   || total
-------------------------++-------
Melee: Unarmed           ||    72
 Cast: Magic Dart        ||    66
  Eat: Chunk             ||     2
Armor: Robe              ||    32
Dodge: Dodged            ||    57
